Map: Acolyte LE

Players

Geeden

  • Race: Zerg Zerg
  • League: Master
  • Spawn Location: 1:00

Rhizer - Winner!

  • Race: Protoss Protoss
  • League: Grandmaster
  • Spawn Location: 7:00

Event: HopeTL

VOD

https://www.youtube.com/watch?v=fIOJgj8wW98&list=PL9QsjkBYtQM7NVZEDVfaNugqO61aBOlm6&index=1

Description

Time

  • Played on: Oct. 7, 2017, 8:07 p.m.
  • Length: 13:57
Show
View Real Time Build Order
Export as new Build Order

Geeden Zerg 

Build Orders: Hatch First, Lurkers 

Get SALT Encoding   

  12  0:00  Drone  
  13  0:12  Overlord  
  13  0:17  Drone  
  14  0:31  Drone x2  
  14  0:35  Drone  
  17  0:53  Hatchery  
  17  0:56  Drone  
  17  0:58  Drone  
  18  1:10  Extractor  
  17  1:15  Spawning Pool  
  17  1:17  Drone  
  17  1:21  Drone  
  18  1:28  Drone  
  19  1:39  Overlord  
  19  1:50  Drone  
  20  2:01  Queen  
  20  2:02  Zergling x2  
  20  2:05  Queen  
  25  2:09  Metabolic Boost  
  25  2:13  Drone x2  
  27  2:19  Drone  
  28  2:26  Drone  
  28  2:27  Drone  
  30  2:41  Hatchery  
  29  2:50  Pneumatized Carapace  
  29  2:51  Drone x2  
  29  2:56  Overlord  
  31  3:01  Drone x2  
  31  3:04  Drone  
  34  3:14  Drone x3  
  34  3:15  Zergling x4  
  34  3:19  Zergling x2  
  40  3:24  Overlord  
  40  3:25  Drone  
  40  3:26  Drone  
  42  3:29  Evolution Chamber  
  41  3:41  Drone x2  
  41  3:42  Drone  
  44  3:54  Drone x5  
  49  3:56  Zerg Melee Weapons Level 1  
  49  3:59  Queen  
  51  4:05  Overlord, Lair  
  51  4:14  Overlord  
  51  4:15  Extractor  
  50  4:20  Roach Warren  
  50  4:21  Drone x2  
  50  4:22  Drone x3  
  54  4:30  Overlord  
  54  4:38  Spore Crawler  
  53  4:39  Drone  
  53  4:41  Spore Crawler x2  
  53  4:44  Drone  
  53  4:45  Drone, Queen x2  
  58  4:59  Overlord  
  58  5:02  Queen  
  58  5:03  Drone x4  
  64  5:07  Hydralisk Den  
  64  5:08  Extractor, Drone x4  
  64  5:09  Zergling x4  
  64  5:10  Extractor  
  66  5:17  Zergling x10  
  65  5:24  Overseer  
  65  5:42  Drone  
  66  5:47  Muscular Augments  
  66  5:48  Hatchery  
  66  5:49  Drone  
  64  6:06  Hatchery  
  63  6:15  Hydralisk x2  
  63  6:17  Overlord  
  63  6:18  Overlord  
  67  6:23  Overlord  
  67  6:25  Zerg Melee Weapons Level 2  
  67  6:30  Baneling Nest  
  67  6:31  Overlord  
  67  6:41  Hydralisk  
  67  6:42  Hydralisk x3  
  73  6:52  Hydralisk x4  
  78  6:55  Overseer  
  78  7:12  Hydralisk x5  
  78  7:13  Hydralisk  
  90  7:21  Overlord  
  90  7:29  Drone  
  92  7:30  Drone x7  
  92  7:31  Drone  
  92  7:32  Drone  
  100  7:42  Hatchery  
  99  7:53  Centrifical Hooks  
  99  7:59  Drone x6  
  99  8:00  Overlord x2  
  99  8:11  Drone  
  99  8:12  Drone x5  
  105  8:18  Overlord  
  105  8:23  Overlord  
  105  8:25  Overlord  
  105  8:26  Drone x3  
  108  8:33  Hatchery  
  107  8:41  Zergling x14  
  107  8:47  Drone  
  115  8:56  Zerg Missile Weapons Level 1  
  115  8:58  Drone x2  
  115  8:59  Drone x5  
  115  9:00  Extractor, Drone x2, Queen  
  115  9:01  Extractor  
  124  9:05  Hydralisk x5  
  134  9:16  Overlord  
  134  9:17  Hydralisk x3  
  134  9:18  Hydralisk  
  134  9:20  Lurker Den  
  134  9:23  Zergling x2  
  142  9:32  Zergling x2  
  142  9:33  Zergling x16  
  142  9:35  Overlord x2  
  148  9:46  Baneling x2  
  148  9:49  Zergling x14  
  148  9:51  Baneling x18  
  152  10:05  Queen  
  154  10:15  Zergling x22  
  154  10:16  Zergling x12  
  154  10:22  Extractor  
  154  10:25  Extractor  
  130  10:29  Zergling x20  
  111  10:38  Baneling x6  
  111  10:39  Baneling x17  
  106  10:47  Zergling x18  
  106  10:59  Zergling x2  
  106  11:00  Zergling x18  
  97  11:15  Zergling x8  
  97  11:17  Overseer  
  99  11:21  Hatchery  
  98  11:26  Hydralisk  
  98  11:27  Hydralisk  
  98  11:32  Drone x2  
  103  11:48  Hatchery  
  103  11:52  Hydralisk x3  
  108  12:10  Hydralisk x3  
  114  12:16  Lurker x2  
  111  12:38  Lurker  
  111  12:39  Lurker x5  
  111  12:42  Infestation Pit  
  116  12:46  Drone x2  
  116  12:50  Baneling x13  
  117  13:03  Hydralisk  
  117  13:04  Hydralisk x3  
  125  13:30  Hydralisk x5  
  125  13:31  Hydralisk x4  
Show
View Real Time Build Order
Export as new Build Order

Rhizer Protoss - Winner!

Build Orders: Nexus First, Dark Templar Rush 

Get SALT Encoding   

  12  0:01  Probe (Chrono Boost)  
  13  0:11  Probe (Chrono Boost)  
  14  0:19  Pylon  
  14  0:22  Probe (Chrono Boost)  
  15  0:37  Probe (Chrono Boost)  
  16  0:48  Probe (Chrono Boost)  
  17  0:58  Nexus  
  17  1:09  Gateway  
  17  1:12  Probe (Chrono Boost)  
  18  1:22  Probe (Chrono Boost)  
  18  1:24  Assimilator  
  19  1:28  Assimilator  
  19  1:33  Probe (Chrono Boost)  
  20  1:43  Probe (Chrono Boost)  
  20  1:44  Pylon  
  22  1:54  Probe (Chrono Boost)  
  22  1:56  Cybernetics Core  
  22  2:02  Zealot  
  22  2:05  Probe (Chrono Boost)  
  25  2:11  Probe (Chrono Boost)  
  25  2:15  Probe (Chrono Boost)  
  27  2:21  Probe (Chrono Boost)  
  28  2:26  Probe (Chrono Boost)  
  29  2:31  Probe (Chrono Boost)  
  29  2:33  Twilight Council  
  29  2:36  Probe (Chrono Boost)  
  31  2:38  Adept (Chrono Boost)  
  31  2:42  Warp Gate, Probe  
  34  2:48  Probe  
  34  2:55  Robotics Facility  
  34  2:56  Probe  
  35  3:04  Stalker (Chrono Boost)  
  37  3:06  Probe  
  37  3:08  Probe  
  39  3:18  Probe (Chrono Boost)  
  39  3:19  Probe (Chrono Boost)  
  41  3:27  Dark Shrine  
  41  3:30  Probe (Chrono Boost)  
  41  3:31  Probe (Chrono Boost)  
  43  3:41  Probe (Chrono Boost)  
  44  3:43  Gateway  
  44  3:44  Gateway  
  44  3:46  Gateway  
  45  3:55  Warp Prism (Chrono Boost)  
  44  3:56  Probe  
  44  3:57  Probe  
  44  4:01  Pylon  
  46  4:05  Pylon  
  46  4:10  Assimilator  
  46  4:13  Assimilator  
  46  4:17  Charge  
  46  4:18  Probe  
  46  4:19  Probe  
  48  4:25  Pylon  
  48  4:27  Observer (Chrono Boost)  
  48  4:28  Probe  
  50  4:31  Probe  
  51  4:47  Probe  
  52  4:54  Nexus  
  52  4:57  Pylon  
  52  4:59  Pylon  
  52  5:03  Dark Templar  
  52  5:04  Dark Templar x3  
  52  5:05  Probe  
  52  5:06  Probe  
  62  5:13  Observer (Chrono Boost)  
  63  5:18  Probe  
  64  5:24  Probe  
  65  5:30  Probe  
  65  5:32  Gateway  
  65  5:34  Forge, Probe  
  66  5:36  Pylon  
  66  5:40  Stalker x2  
  71  5:43  Probe  
  71  5:45  Probe  
  71  5:49  Immortal (Chrono Boost)  
  77  5:52  Stalker  
  77  5:55  Mothership Core, Probe  
  82  6:06  Probe  
  82  6:10  Probe  
  83  6:12  Protoss Ground Weapons Level 1 (Chrono Boost)  
  83  6:16  Probe  
  83  6:17  Probe  
  86  6:19  Gateway x2  
  86  6:21  Gateway  
  86  6:22  Gateway  
  86  6:23  Templar Archives  
  86  6:26  Pylon  
  86  6:28  Immortal  
  86  6:36  Probe x2  
  86  6:39  Pylon  
  92  6:45  Assimilator  
  92  6:46  Probe  
  92  6:48  Assimilator, Probe  
  92  6:57  Photon Cannon x2  
  92  7:00  Photon Cannon, Probe  
  92  7:01  Psionic Storm  
  93  7:05  Immortal, Probe  
  97  7:28  Pylon, High Templar x3  
  97  7:29  Pylon  
  103  7:32  High Templar, Zealot x2  
  103  7:33  Zealot x2  
  103  7:36  Photon Cannon  
  113  7:38  Pylon  
  113  7:39  Immortal  
  113  7:43  Pylon  
  117  7:47  Probe  
  118  7:56  Nexus  
  118  7:59  Pylon  
  118  8:00  Pylon  
  118  8:04  High Templar x2  
  122  8:09  Archon  
  122  8:10  High Templar  
  124  8:19  Immortal  
  124  8:23  Zealot x5  
  124  8:24  Zealot  
  132  8:27  Protoss Ground Weapons Level 2 (Chrono Boost)  
  132  8:28  Photon Cannon  
  132  8:35  Photon Cannon  
  132  8:36  Photon Cannon  
  132  8:39  Photon Cannon  
  132  8:46  High Templar x2  
  136  8:51  Photon Cannon  
  136  8:53  Archon  
  136  8:54  Immortal  
  136  8:55  Photon Cannon  
  140  9:03  Pylon  
  140  9:07  High Templar x2  
  144  9:11  Archon  
  144  9:12  Zealot x2  
  144  9:13  Pylon  
  148  9:20  Pylon  
  148  9:27  Zealot x4  
  148  9:28  Zealot  
  148  9:30  Observer, Assimilator  
  158  9:32  Assimilator  
  158  9:33  Dark Templar  
  158  9:34  Dark Templar  
  163  9:56  Stargate  
  163  9:57  Immortal  
  121  10:30  Archon  
  121  10:33  High Templar x6  
  121  10:34  Zealot x3  
  131  10:46  Archon  
  129  10:58  Zealot x3  
  129  11:02  Oracle  
  129  11:03  Fleet Beacon  
  136  11:05  Gateway  
  136  11:06  Stargate  
  136  11:08  Gateway, Stargate  
  136  11:10  Gateway  
  136  11:11  Immortal, Gateway x2  
  122  11:13  Gateway  
  122  11:14  Gateway, Protoss Ground Weapons Level 3 (Chrono Boost)  
  122  11:16  Gateway  
  122  11:18  Gateway  
  112  11:26  High Templar  
  112  11:27  High Templar, Zealot x2  
  112  11:28  Zealot x4  
  112  11:31  Archon  
  128  11:33  Archon  
  124  11:46  Warp Prism  
  126  12:00  Tempest x2  
  138  12:04  Nexus  
  138  12:06  Pylon  
  137  12:24  Immortal  
  141  12:39  Tempest  
  141  12:43  Tempest x2  
  159  12:49  Dark Templar x2  
  163  12:58  Immortal  
  172  13:36  Photon Cannon  
  172  13:39  Photon Cannon  
  188  13:45  Dark Templar x3  
  194  13:48  Dark Templar  
  194  13:52  Dark Templar  
Tags
 
Add a new tag
Caveats
  • Supply blocks, unpowered buildings, or Contaminate may cause inaccurate times.
  • Supply counts are checked every 10 seconds.